 Dungeon Crawl Stone Soup version 0.29-a0-668-g12ee2bf84d (webtiles) character file.

Game seed: 9424049087225724598

603 DocClef the Shield-Bearer (level 7, -8/54 HPs)
             Began as a Gnoll Fighter on June 23, 2022.
             Was a Follower of Hepliaklqana.
             Mangled by an ice beast (11 damage)
             ... on level 4 of the Dungeon.
             The game lasted 00:05:03 (4756 turns).

DocClef the Shield-Bearer (Gnoll Fighter)           Turns: 4756, Time: 00:05:04

Health: -8/54      AC:  9    Str: 15    XL:     7   Next: 42%
Magic:  10/10      EV:  7    Int:  7    God:    Hepliaklqana [*.....]
Gold:   189        SH:  5    Dex: 12    Spells: 11/11 levels left

rFire   + . .      SeeInvis .   n - +0 flail (pain)
rCold   . . .      Faith    .   c - +0 buckler
rNeg    . . .      Spirit   .   l - +2 chain mail {rF+}
rPois   .          Reflect  .   (no helmet)
rElec   .          Harm     .   (no cloak)
rCorr   .          Rampage  .   (no gloves)
Will    .....                   r - +0 pair of boots
Stlth   ..........              (no amulet)
HPRegen 0.18/turn               (no ring)
MPRegen 0.12/turn               (no ring)

@: no status effects
A: reduced essence, fangs 1, strong nose, distributed training, talons 1,
deformed body, weak 1, noise suppression
a: Renounce Religion, Recall Ancestor, Ancestor Identity


You were on level 4 of the Dungeon.
You worshipped Hepliaklqana.
Hepliaklqana was aware of your devotion.
You visited 1 branch of the dungeon, and saw 5 of its levels.

You collected 189 gold pieces.

Inventory:

Hand Weapons
 a - a +1 flail
 n - a +0 flail of pain (weapon)
Armour
 b - a +0 scale mail
 c - a +0 buckler (worn)
 l - a +2 chain mail of fire resistance (worn)
 r - a +0 pair of boots (worn)
Jewellery
 e - a ring of fire
 f - a ring of fire
 q - a +6 ring of intelligence
Wands
 i - a wand of flame (11)
 s - a wand of digging (4)
Scrolls
 j - 3 scrolls of teleportation
 k - 2 scrolls of enchant weapon
 m - a scroll of fear {unknown}
 o - a scroll of identify
 p - 2 scrolls of fog
Potions
 d - a potion of might
 g - a potion of brilliance
 h - 2 potions of curing


   Skills:
 + Level 7.0 Fighting
 + Level 2.5 Short Blades
 + Level 2.5 Long Blades
 + Level 2.5 Axes
 + Level 5.2 Maces & Flails
 + Level 2.5 Polearms
 + Level 2.5 Staves
 + Level 2.5 Slings
 + Level 2.5 Bows
 + Level 2.5 Crossbows
 + Level 2.5 Throwing
 + Level 7.0 Armour
 + Level 2.5 Dodging
 + Level 2.5 Stealth
 + Level 7.0 Shields
 + Level 2.5 Unarmed Combat
 + Level 2.5 Spellcasting
 + Level 2.0 Conjurations
 + Level 2.0 Hexes
 + Level 2.0 Summonings
 + Level 2.0 Necromancy
 + Level 2.0 Translocations
 + Level 2.0 Transmutations
 + Level 2.0 Fire Magic
 + Level 2.0 Ice Magic
 + Level 2.0 Air Magic
 + Level 2.0 Earth Magic
 + Level 2.0 Poison Magic
 + Level 2.7 Invocations
 + Level 2.5 Evocations


You had 11 spell levels left.
You didn't know any spells.
Your spell library contained the following spells:

 Spells                   Type           Power      Damage    Failure   Level
 Blink                    Tloc           6%         N/A       99%         2
 Lesser Beckoning         Tloc           3%         N/A       100%        3
 Manifold Assault         Tloc           3%         N/A       100%        5


Dungeon Overview and Level Annotations

Branches:
Dungeon (5/15)
 Temple: D:4-7

Altars:
Hepliaklqana

Shops:
D:2 *


Innate Abilities, Weirdness & Mutations

Your life essence is reduced to manifest your ancestor. (-10% HP)
You have very sharp teeth.
Your uncanny sense of smell can sniff out nearby items.
Your experience applies equally to all skills.
You have sharp toenails.
Armour fits poorly on your strangely shaped body.
You are weak. (Str -2)
You passively dampen the noise of your surroundings.


Message History

The ice beast attacks as you move away! The ice beast closely misses you.
The gnoll hits something with a +0 spear.
The ice beast attacks as you move away!
The ice beast hits you but does no damage.
Something hits Nindada!
Something barely misses Nindada.
The ice beast attacks as you move away!
The ice beast hits you but does no damage.
The ice beast attacks as you move away! The ice beast barely misses you.
The ice beast attacks as you move away! The ice beast closely misses you.
The ice beast attacks as you move away! The ice beast hits you.
* * * LOW HITPOINT WARNING * * *
The ice beast freezes you.
* * * LOW HITPOINT WARNING * * *
There is a stone staircase leading up here.
You block the ice beast's attack.
You climb upwards.
There is a stone staircase leading down here.
You barely miss the ice beast.
The ice beast hits you but does no damage.
You hit the ice beast but do no damage. The ice beast barely misses you.
You block the ice beast's attack.
You closely miss the ice beast.
The ice beast hits you but does no damage.
You closely miss the ice beast.
The ice beast hits you but does no damage.
You hit the ice beast.
The ice beast is lightly wounded.
The ice beast completely misses you.
You barely miss the ice beast.
You bite the ice beast, but do no damage.
The ice beast is lightly wounded.
You block the ice beast's attack.
The ice beast hits you but does no damage.
You hit the ice beast but do no damage.
The ice beast writhes in agony.
The ice beast is lightly wounded.
The ice beast hits you.
* * * LOW HITPOINT WARNING * * *
The ice beast freezes you!
You die...

##'##### #..#.#.# #...#.# ##.#
#..#.#.### #.###.# ...#
##.#.....# #.# #.# #### #.###.#.#
#.# #.# ...# ###.....#.# #.###..
...# #.....###.# #.....#
...#########.........# #####.#
.............(..Y##### #.#
................@..# #..
.................#.# ###
.................+)#
....##'#####.....############
....##.###########..........#####
)............# #.########.#....
####)#.#####.# #.########'#.##.
...#)#.# #.# #.#.............
##.#.#.# #.# #.#..........#..


You could see an ice beast.

Vanquished Creatures
  A water moccasin (D:5)
  An ice beast (D:4)
  A black bear (D:4)
  A scorpion (D:5)
  A hound (D:4)
  Ijyb (D:3)
  A gnoll (D:3)
  8 adders
  3 dart slugs
  6 orcs
  10 ball pythons
  7 bats
  10 endoplasms
  5 giant cockroaches
  8 goblins
  7 hobgoblins
  8 kobolds
  7 quokkas
  4 frilled lizards
  3 rats (D:3)
93 creatures vanquished.

Vanquished Creatures (collateral kills)
  An adder (D:5)
1 creature vanquished.

Grand Total: 94 creatures vanquished

Notes
Turn   | Place    | Note
-------+----------+-------------------------------------------
     0 | D:1      | DocClef the Gnoll Fighter began the quest for the Orb.
     0 | D:1      | Reached XP level 1. HP: 23/23 MP: 1/1
   176 | D:1      | Reached XP level 2. HP: 28/29 MP: 2/2
  1060 | D:1      | Reached XP level 3. HP: 35/35 MP: 3/3
  1384 | D:2      | Reached skill level 1 in Invocations
  1480 | D:2      | Found Xoix's Assorted Antiques.
  1577 | D:2      | Reached skill level 1 in Short Blades
  1577 | D:2      | Reached skill level 1 in Long Blades
  1577 | D:2      | Reached skill level 1 in Axes
  1577 | D:2      | Reached skill level 1 in Polearms
  1577 | D:2      | Reached skill level 1 in Staves
  1577 | D:2      | Reached skill level 1 in Slings
  1577 | D:2      | Reached skill level 1 in Bows
  1577 | D:2      | Reached skill level 1 in Crossbows
  1577 | D:2      | Reached skill level 1 in Throwing
  1577 | D:2      | Reached skill level 1 in Dodging
  1577 | D:2      | Reached skill level 1 in Stealth
  1577 | D:2      | Reached skill level 1 in Unarmed Combat
  1577 | D:2      | Reached skill level 1 in Spellcasting
  1577 | D:2      | Reached skill level 1 in Evocations
  1716 | D:2      | Reached XP level 4. HP: 41/41 MP: 5/5
  1885 | D:2      | Found a hazy altar of Hepliaklqana.
  1905 | D:2      | Became a worshipper of Hepliaklqana the Forgotten
  1962 | D:2      | Reached skill level 1 in Conjurations
  1962 | D:2      | Reached skill level 1 in Hexes
  1962 | D:2      | Reached skill level 1 in Summonings
  1962 | D:2      | Reached skill level 1 in Necromancy
  1962 | D:2      | Reached skill level 1 in Translocations
  1962 | D:2      | Reached skill level 1 in Transmutations
  1962 | D:2      | Reached skill level 1 in Fire Magic
  1962 | D:2      | Reached skill level 1 in Ice Magic
  1962 | D:2      | Reached skill level 1 in Air Magic
  1962 | D:2      | Reached skill level 1 in Earth Magic
  1962 | D:2      | Reached skill level 1 in Poison Magic
  2168 | D:3      | Reached XP level 5. HP: 45/47 MP: 6/6
  2193 | D:3      | Noticed Ijyb
  2220 | D:3      | Killed Ijyb
  2693 | D:3      | Gained mutation: You have sharp toenails. [potion of
                  | mutation]
  2693 | D:3      | Gained mutation: Armour fits poorly on your strangely
                  | shaped body. [potion of mutation]
  2693 | D:3      | Gained mutation: You are weak. (Str -2) [potion of
                  | mutation]
  2693 | D:3      | Gained mutation: You passively dampen the noise of your
                  | surroundings. [potion of mutation]
  3453 | D:4      | Noticed an ice beast
  3459 | D:4      | Killed an ice beast
  3460 | D:4      | Reached XP level 6. HP: 46/53 MP: 8/8
  3523 | D:4      | Reached skill level 5 in Maces & Flails
  3586 | D:4      | Reached * piety under Hepliaklqana
  3827 | D:4      | Noticed a black bear
  3840 | D:4      | Killed a black bear
  4430 | D:5      | Entered Level 5 of the Dungeon
  4572 | D:5      | Reached XP level 7. HP: 51/53 MP: 10/10
  4756 | D:4      | Mangled by an ice beast

Illustrated notes

Levels and vault maps discovered:
D:1:      eino_arrival_water_star, layout_basic, roderic_lattice_a,
          kennysheep_flooded_box
D:2:      layout_rooms, basic_altar, serial_shops, shop
D:3:      layout_loops_ring, minmay_liquid_box, minmay_surrounded, uniq_ijyb
D:4:      layout_basic
D:5:      layout_loops_cross, nicolae_ossuary_entry_giza

Skill      XL: |  1  2  3  4  5  6  7 |
---------------+----------------------+-----
Invocations    | 1 2 |  2.7
Short Blades   | 1 2 |  2.5
Long Blades    | 1 2 |  2.5
Axes           | 1 2 |  2.5
Polearms       | 1 2 |  2.5
Staves         | 1 2 |  2.5
Slings         | 1 2 |  2.5
Bows           | 1 2 |  2.5
Crossbows      | 1 2 |  2.5
Throwing       | 1 2 |  2.5
Dodging        | 1 2 |  2.5
Stealth        | 1 2 |  2.5
Unarmed Combat | 1 2 |  2.5
Spellcasting   | 1 2 |  2.5
Evocations     | 1 2 |  2.5
Conjurations   | 1 2 |  2.0
Hexes          | 1 2 |  2.0
Summonings     | 1 2 |  2.0
Necromancy     | 1 2 |  2.0
Translocations | 1 2 |  2.0
Transmutations | 1 2 |  2.0
Fire Magic     | 1 2 |  2.0
Ice Magic      | 1 2 |  2.0
Air Magic      | 1 2 |  2.0
Earth Magic    | 1 2 |  2.0
Poison Magic   | 1 2 |  2.0
Maces & Flails | 5 |  5.2
Fighting       | 7 |  7.0
Armour         | 7 |  7.0
Shields        | 7 |  7.0

Action                   |  1- 3 |  4- 6 |  7- 9 || total
-------------------------+-------+-------+-------++-------
Melee: Flail             |   106 |   237 |    26 ||   369
       Bite              |     4 |    20 |     2 ||    26
Evoke: Wand              |       |     1 |       ||     1
  Use: Scroll            |       |     7 |       ||     7
       Potion            |       |     6 |       ||     6
Armor: Scale mail        |    12 |       |       ||    12
       Chain mail        |    47 |   142 |    26 ||   215
Dodge: Dodged            |    49 |    95 |    13 ||   157
Block: Buckler           |    36 |    80 |    16 ||   132

Table legend: (Time is in decaauts)
 A = Elapsed time spent in this place.
 B = Non-inter-level travel time spent in this place.
 C = Inter-level travel time spent in this place.
 D = Time resting spent in this place.
 E = Time spent auto-exploring this place.
 F = Levels seen in this place.
 G = Mean time per level.
                   A        B        C        D        E       F      G
               +--------+--------+--------+--------+--------+-----+--------+
         Total |   4830 |   4686 |    144 |    676 |   3137 |   5 |  966.0 |
       Dungeon |   4830 |   4686 |    144 |    676 |   3137 |   5 |  966.0 |
               +--------+--------+--------+--------+--------+-----+--------+

Top non-repeatable levels by time:
     D:4: 1338 daAuts
     D:1: 1225 daAuts
     D:3: 1157 daAuts
     D:2: 785 daAuts
     D:5: 324 daAuts
